 Dungeon Crawl Stone Soup version 0.26.0-10-g1f06aea511 (webtiles) character file.

Game seed: 9034741959850237132

191 trckry the Ruffian (level 5, 0/40 HPs)
             Began as a Draconian Transmuter on Jan 13, 2021.
             Killed from afar by an orc wizard (3 damage)
             ... with a magic dart
             ... on level 4 of the Dungeon.
             The game lasted 00:04:56 (3728 turns).

trckry the Ruffian (Draconian Transmuter)           Turns: 3728, Time: 00:04:56

Health: 0/40       AC:  5    Str: 13    XL:     5   Next: 42%
Magic:  8/8        EV: 12    Int: 14    God:
Gold:   192        SH:  0    Dex: 11    Spells: 7/8 levels left

rFire    x . .     SeeInvis .     - Unarmed
rCold    + . .     Faith    .   (no shield)
rNeg     + . .     Spirit   .   (armour unavailable)
rPois    .         Reflect  .   (helmet currently unavailable)
rElec    .         Harm     .   (no cloak)
rCorr    .         Rampage  .   (no gloves)
Will     .....                  (boots currently unavailable)
Stlth    +.........             (no amulet)
HPRegen  0.13/turn              i - ring of ice
MPRegen  0.11/turn              j - ring of positive energy

@: appendages
A: unfitting armour, horns 2, talons 2, cold-blooded, AC +5
a: End Transformation


You were on level 4 of the Dungeon.
You had grown temporary horns.
You had grown temporary talons.
You visited 1 branch of the dungeon, and saw 4 of its levels.

You collected 192 gold pieces.

Inventory:

Armour
 f - a +0 pair of boots (melded)
Jewellery
 i - a ring of ice (left hand)
 j - a ring of positive energy (right hand)
Scrolls
 a - 3 scrolls of teleportation {unknown}
 b - 7 scrolls of identify {unknown}
 c - a scroll of fear {unknown}
 d - 3 scrolls of random uselessness {unknown}
 e - a scroll of enchant armour {unknown}
 p - a scroll of remove curse {unknown}
Potions
 g - a potion of ambrosia {unknown}
 h - 4 potions of curing {unknown}
 k - 2 potions of heal wounds {unknown}
 l - a potion of berserk rage {unknown}
 m - a potion of might {unknown}
 n - a potion of lignification {unknown}
 o - 2 potions of magic {unknown}


   Skills:
 - Level 1.1 Fighting
 - Level 1.7 Dodging
 * Level 4.8 Unarmed Combat
 - Level 2.0 Spellcasting
 * Level 4.2 Transmutations


You had 7 spell levels left.
You knew the following spells:

 Your Spells              Type           Power        Failure   Level
a - Beastly Appendage     Tmut           26%          4%          1

Your spell library contained the following spells:

 Spells                   Type           Power        Failure   Level
 Wereblood                Tmut           13%          6%          2
 Spider Form              Tmut/Pois      3%           30%         3
 Ice Form                 Ice/Tmut       11%          69%         4
 Blade Hands              Tmut           6%           75%         5


Dungeon Overview and Level Annotations

Branches:
Dungeon (4/15)
 Temple: D:4-7

Altars:
Cheibriados
Trog
Wu Jian


Innate Abilities, Weirdness & Mutations

Your plain brown scales are hard. (AC +5)
You cannot fit into any form of body armour.
You are cold-blooded and may be slowed by cold attacks.
You have a pair of horns on your head.
You have razor-sharp toenails.


Message History

You closely miss the centaur.
The centaur is heavily wounded.
The centaur hits you.
* * * LOW HITPOINT WARNING * * *
An orc comes into view. It is wielding a +0 mace.
You hit the centaur.
The centaur is heavily wounded.
The centaur closely misses you.
You hit the centaur. Your kick misses the centaur.
Your tail-slap misses the centaur.
The centaur is severely wounded.
The centaur hits you!
* * * LOW HITPOINT WARNING * * *
The centaur hits you but does no damage.
You closely miss the centaur. You claw the centaur.
Your headbutt misses the centaur.
The centaur is almost dead.
The orc wizard gestures at you while chanting.
The magic dart hits you.
You die...

### ..#. ..... ...
..##..... ......
....o...
......##..B...
...<.?......# ..#..
#..o..### #
....<##..o.##....
........@........
.......c##..#....
....#..(###.#....
.....(.#.......#....Z
.......#..(..........
:......#.............
.......#..(#.......#
.......#...#.......#
..........(..c.>...


You could see a centaur, an orc wizard (fast), 2 orcs and a giant cockroach.

Vanquished Creatures
  An orc priest (D:3)
  An orc wizard (D:4)
  A worker ant (D:4)
  An ooze (D:2)
  An adder skeleton (D:4)
  2 worms (D:2)
  3 dart slugs (D:1)
  2 leopard geckos
  5 orcs (D:3)
  9 bats
  5 giant cockroaches
  12 hobgoblins
  3 jackals (D:2)
  3 kobolds
  2 quokkas
  A ball python (D:3)
  6 frilled lizards
  12 goblins
  8 rats
78 creatures vanquished.

Notes
Turn   | Place    | Note
-------+----------+-------------------------------------------
     0 | D:1      | trckry the Draconian Transmuter began the quest for the
                  | Orb.
     0 | D:1      | Reached XP level 1. HP: 16/16 MP: 3/3
   186 | D:1      | Reached XP level 2. HP: 23/23 MP: 3/5
   739 | D:1      | Reached XP level 3. HP: 23/28 MP: 4/6
  2146 | D:2      | Reached XP level 4. HP: 18/35 MP: 5/7
  2294 | D:2      | Found an ornate altar of the Wu Jian Council.
  3283 | D:3      | Found a snail-covered altar of Cheibriados.
  3283 | D:3      | Found a bloodstained altar of Trog.
  3548 | D:4      | Reached XP level 5. HP: 36/40 MP: 6/8
  3708 | D:4      | Noticed a centaur
  3727 | D:4      | HP: 3/40 [centaur (8)]
  3728 | D:4      | Killed from afar by an orc wizard

Illustrated notes

Levels and vault maps discovered:
D:1:      heliophobic_arrival_dark_side_of_the_moon, layout_loops_ring,
          chequers_serial_rivers_large_a, chequers_serial_rivers_micro_b
D:2:      layout_basic, nzn_wu_jian_council_hall
D:3:      layout_loops_corners, gammafunk_temple_overflow_elements
D:4:      minmay_skewed_foursquare, layout_basic,
          nicolae_ru_great_annihilating_truth

Skill      XL: |  1  2  3  4 |
---------------+-------------+-----
Transmutations | 3 4 |  4.2
Unarmed Combat | 4 |  4.8
Fighting       | |  1.1
Dodging        | |  1.7
Spellcasting   | |  2.0

Action                   |  1- 3 |  4- 6 || total
-------------------------+-------+-------++-------
Melee: Unarmed           |   127 |   109 ||   236
       Kick              |    16 |    20 ||    36
       Headbutt          |     8 |     8 ||    16
       Tailslap          |     5 |     7 ||    12
       Punch             |     5 |     1 ||     6
 Cast: Beastly Appendage |    24 |    16 ||    40
Armor: Skin              |    46 |    32 ||    78
Dodge: Dodged            |    96 |    66 ||   162
